Map: 环轨星港

Players

shengy - Winner!

  • Race: Zerg Zerg
  • League: Gold

ShadowSlave

  • Race: Zerg Zerg
  • League: Gold

VOD

Have the link to the VOD?

Description

Time

  • Played on: Nov. 25, 2015, 7:30 p.m.
  • Length: 11:04
Show
View Real Time Build Order
Export as new Build Order

shengy Zerg - Winner!

Build Orders: Hatch First 

Get SALT Encoding   

  12  0:01  Drone  
  13  0:10  Drone  
  14  0:18  Overlord  
  14  0:36  Drone x3  
  17  1:00  Hatchery, Drone  
  17  1:01  Drone  
  18  1:10  Drone  
  19  1:18  Spawning Pool  
  18  1:20  Drone  
  19  1:30  Extractor, Overlord  
  18  1:41  Drone  
  19  1:53  Drone  
  20  2:05  Zergling x2  
  20  2:07  Queen  
  23  2:13  Queen  
  23  2:15  Zergling x2  
  26  2:17  Drone  
  27  2:24  Drone  
  27  2:29  Drone  
  29  2:31  Metabolic Boost  
  29  2:41  Drone  
  29  2:43  Queen  
  32  2:51  Drone x3  
  35  2:59  Drone  
  35  3:00  Overlord  
  36  3:20  Overlord  
  34  3:31  Zergling x6  
  34  3:32  Zergling x10  
  34  3:33  Hatchery  
  41  3:37  Baneling Nest, Overlord  
  40  3:45  Drone  
  40  3:48  Drone  
  42  3:57  Drone x4  
  42  4:02  Drone  
  47  4:10  Extractor  
  47  4:12  Drone x2, Roach Warren  
  47  4:16  Drone  
  48  4:17  Drone  
  48  4:18  Drone  
  48  4:21  Baneling, Extractor  
  48  4:22  Baneling x3  
  48  4:23  Baneling  
  49  4:26  Drone x2  
  49  4:27  Drone  
  52  4:35  Evolution Chamber  
  52  4:36  Drone  
  52  4:38  Evolution Chamber  
  51  4:41  Drone  
  52  4:46  Overlord  
  52  4:47  Extractor, Lair  
  49  5:08  Zergling x8  
  49  5:09  Zergling x14  
  60  5:35  Drone x2  
  60  5:36  Drone  
  60  5:41  Zergling x6  
  58  5:50  Drone  
  58  5:51  Queen  
  61  6:01  Zerg Missile Weapons Level 1, Zerg Ground Armor Level 1  
  61  6:02  Queen  
  63  6:06  Baneling x4  
  62  6:20  Drone x2  
  62  6:24  Spire  
  61  6:42  Hatchery  
  60  6:53  Hatchery  
  59  6:55  Overseer  
  59  6:57  Drone x3  
  58  7:35  Overlord  
  58  7:36  Overlord x4  
  58  7:38  Mutalisk  
  58  7:39  Mutalisk x3  
  66  7:44  Drone  
  66  7:47  Overlord x2  
  66  7:48  Overlord  
  67  7:52  Baneling x4  
  67  7:57  Queen  
  69  8:06  Overlord  
  69  8:07  Overlord  
  69  8:08  Spore Crawler  
  69  8:09  Roach x4  
  69  8:10  Roach x8  
  92  8:40  Mutalisk  
  92  8:41  Mutalisk x5  
  94  8:45  Extractor  
  103  8:48  Extractor  
  97  9:10  Extractor  
  97  9:12  Extractor  
  97  9:13  Drone x4  
  97  9:14  Drone x7  
  97  9:15  Drone x4  
  110  9:31  Glial Reconstitution  
  110  9:37  Infestation Pit  
  109  9:53  Roach  
  109  9:54  Roach x6  
  109  9:55  Roach x10  
Show
View Real Time Build Order
Export as new Build Order

ShadowSlave Zerg 

Build Orders: Hatch First 

Get SALT Encoding   

  12  0:02  Drone  
  13  0:12  Drone  
  14  0:17  Overlord  
  14  0:43  Hatchery  
  14  0:47  Drone  
  14  0:52  Drone  
  14  0:53  Drone  
  16  1:03  Drone  
  17  1:14  Spawning Pool  
  16  1:24  Drone  
  16  1:25  Drone  
  18  1:31  Extractor  
  17  1:43  Hatchery  
  16  1:50  Drone  
  16  1:51  Drone  
  18  2:00  Queen  
  20  2:03  Drone  
  20  2:08  Drone  
  22  2:11  Drone  
  23  2:17  Drone  
  23  2:19  Drone  
  25  2:23  Extractor  
  25  2:29  Drone  
  26  2:30  Drone x2  
  27  2:38  Zergling x2  
  28  2:47  Overlord x2  
  28  2:58  Zergling x2  
  28  2:59  Zergling x4  
  31  3:22  Zergling x2  
  31  3:23  Zergling x16  
  40  3:37  Drone  
  40  3:38  Drone  
  42  3:46  Overlord x3  
  42  3:57  Extractor  
  42  4:00  Extractor, Spore Crawler, Queen  
  41  4:07  Drone  
  41  4:08  Drone x6  
  48  4:30  Metabolic Boost  
  48  4:34  Drone x3  
  51  4:40  Evolution Chamber  
  51  4:41  Evolution Chamber  
  51  4:42  Spore Crawler  
  51  4:44  Drone  
  51  4:45  Drone x4  
  53  4:46  Drone  
  54  5:06  Drone  
  54  5:07  Drone x5  
  55  5:16  Zergling x2  
  55  5:17  Zergling x2  
  54  5:22  Spine Crawler  
  54  5:24  Spine Crawler  
  46  5:42  Spine Crawler  
  38  5:43  Spine Crawler  
  26  5:56  Spine Crawler  
  24  6:00  Zergling x22  
  35  6:08  Drone  
  36  6:18  Drone x2  
  38  6:32  Zerg Melee Weapons Level 1  
  38  6:34  Zerg Ground Armor Level 1  
  38  6:41  Drone  
  38  6:42  Drone  
  40  7:02  Drone x5  
  40  7:03  Drone  
  24  7:19  Roach Warren  
  23  7:22  Spine Crawler  
  23  7:27  Spine Crawler  
  21  7:33  Drone x3  
  24  7:50  Lair  
  24  7:58  Roach  
  24  7:59  Roach x3  
  32  8:14  Roach x4  
  32  8:16  Roach  
  42  8:20  Roach  
  44  8:33  Drone x5  
  49  9:12  Roach  
  49  9:13  Roach x4  
  59  9:18  Ravager  
  59  9:21  Overlord x3  
  60  9:39  Queen  
  59  9:54  Spore Crawler  
  59  9:56  Spore Crawler  
  59  9:57  Spore Crawler  
  59  9:59  Spore Crawler  
  55  10:01  Spore Crawler  
  55  10:02  Spore Crawler  
  53  10:11  Spore Crawler  
  32  10:31  Roach  
  32  10:32  Roach x3  
  33  10:42  Drone x2  
  33  10:43  Drone x9  
Tags
 
Add a new tag
Caveats
  • Supply blocks, unpowered buildings, or Contaminate may cause inaccurate times.
  • Supply counts are checked every 10 seconds.